 Dungeon Crawl Stone Soup version 0.29.1-2-gbd0b4ee654 (webtiles) character file.

Game seed: 8759404292623885219

2513 safid the Skirmisher (level 9, 0/81 HPs)
             Began as a Minotaur Hunter on Nov 8, 2022.
             Was a Follower of Okawaru.
             Slain by Duvessa
             ... wielding a +0 rapier
              (14 damage)
             ... on level 7 of the Dungeon.
             The game lasted 00:15:01 (5406 turns).

safid the Skirmisher (Minotaur Hunter)              Turns: 5406, Time: 00:15:01

Health: 0/81       AC: 10    Str: 16    XL:     9   Next: 29%
Magic:  8/8        EV: 14    Int:  6    God:    Okawaru [*.....]
Gold:   413        SH:  0    Dex: 18    Spells: 8/8 levels left

rFire   . . .      SeeInvis .   a - +0 shortbow
rCold   . . .      Faith    .   (shield currently unavailable)
rNeg    . . .      Spirit   .   s - +0 scale mail
rPois   .          Reflect  .   (helmet restricted)
rElec   .          Harm     .   (no cloak)
rCorr   .          Rampage  .   (no gloves)
Will    .....                   (no boots)
Stlth   ..........              C - amulet of regeneration
HPRegen 1.03/turn               i - +4 ring of protection
MPRegen 0.11/turn               r - +4 ring of evasion

@: mighty
A: horns 2, retaliatory headbutt
a: Renounce Religion, Heroism


You were on level 7 of the Dungeon.
You worshipped Okawaru.
Okawaru was aware of your devotion.
You visited 2 branches of the dungeon, and saw 8 of its levels.

You collected 455 gold pieces.
You spent 42 gold pieces at shops.

Inventory:

Hand Weapons
 a - a +0 shortbow (weapon)
Armour
 s - a +0 scale mail (worn)
Jewellery
 i - a +4 ring of protection (left hand)
 m - a ring of flight
 q - a ring of fire
 r - a +4 ring of evasion (right hand)
 y - a ring of ice
 C - an amulet of regeneration (around neck)
Wands
 D - a wand of digging (5)
 F - a wand of paralysis (10)
Scrolls
 b - a scroll of fear
 c - a scroll of silence
 d - 3 scrolls of magic mapping
 e - a scroll of poison {unknown}
 f - 6 scrolls of vulnerability
 n - a scroll of blinking {unknown}
 u - 5 scrolls of teleportation
 x - 2 scrolls of brand weapon {unknown}
 z - 2 scrolls of amnesia {unknown}
 B - 2 scrolls of enchant weapon {unknown}
 G - a scroll of enchant armour {unknown}
 I - a scroll of identify
Potions
 g - a potion of heal wounds {unknown}
 h - 7 potions of curing
 j - a potion of haste {unknown}
 k - a potion of degeneration {unknown}
 l - a potion of mutation {unknown}
 o - 2 potions of ambrosia {unknown}
 p - a potion of lignification {unknown}
 t - a potion of attraction {unknown}
 v - a potion of might
 w - 2 potions of flight {unknown}
 A - 2 potions of brilliance {unknown}
 E - a potion of invisibility
 H - a potion of cancellation {unknown}


   Skills:
 - Level 8.0 Fighting
 + Level 12.6 Ranged Weapons
 - Level 2.1 Dodging
 - Level 0.7 Stealth


You had 8 spell levels left.
You didn't know any spells.
Your spell library contained the following spells:

 Spells                   Type           Power      Damage    Failure   Level
 Magic Dart               Conj           0%         1d3       88%         1
 Frozen Ramparts          Ice            0%         1d1       99%         3
 Mephitic Cloud           Conj/Pois/Air  0%         N/A       99%         3
 Ozocubu's Armour         Ice            0%         N/A       99%         3
 Ice Form                 Ice/Tmut       0%         N/A       100%        4
 Ozocubu's Refrigeration  Ice            0%         4d7       100%        7
 Call Imp                 Summ           Unusable   N/A       N/A         2
 Summon Ice Beast         Ice/Summ       Unusable   N/A       N/A         4

Dungeon Overview and Level Annotations

Branches:
Dungeon (7/15)             Temple (1/1) D:6

Altars:
Dithmenos
Elyvilon
Fedhas
Gozag
Hepliaklqana
Kikubaaqudgha
Nemelex Xobeh
Okawaru
Qazlal
Ru
Sif Muna
Trog
Uskayaw
Wu Jian
Xom
Yredelemnul
Zin
The Shining One

Shops:
D:1 !=

Annotations:
D:7 Duvessa


Innate Abilities, Weirdness & Mutations

You have a pair of horns on your head.
You reflexively headbutt those who attack you in melee.


Message History

Duvessa completely misses you. Duvessa closely misses you.
Fire: a) +0 shortbow
Press: ? - help, Q - select action, (/) - cycle Shift-Dir - straight line, f/p - Duvessa
Aim: Duvessa, wielding a +0 rapier and wearing a +0 leather armour (heavily wounded, berserk, 73% to hit)
You shoot an arrow. The arrow hits Duvessa.
Duvessa is severely wounded.
Duvessa hits you but does no damage.
Fire: a) +0 shortbow
Press: ? - help, Q - select action, (/) - cycle Shift-Dir - straight line, f/p - Duvessa
Aim: Duvessa, wielding a +0 rapier and wearing a +0 leather armour (severely wounded, berserk, 73% to hit)
You shoot an arrow.
The arrow hits Duvessa but does no damage.
Duvessa is severely wounded.
Duvessa hits you with a +0 rapier!
* * * LOW HITPOINT WARNING * * *
Duvessa hits you with a +0 rapier.
* * * LOW HITPOINT WARNING * * *
Unknown command.
Fire: a) +0 shortbow
Press: ? - help, Q - select action, (/) - cycle Shift-Dir - straight line, f/p - Duvessa
Aim: Duvessa, wielding a +0 rapier and wearing a +0 leather armour (severely wounded, berserk, 73% to hit)
You shoot an arrow. The arrow closely misses Duvessa.
Duvessa hits you with a +0 rapier.
* * * LOW HITPOINT WARNING * * *
Fire: a) +0 shortbow
Press: ? - help, Q - select action, (/) - cycle Shift-Dir - straight line, f/p - Duvessa
Aim: Duvessa, wielding a +0 rapier and wearing a +0 leather armour (severely wounded, berserk, 73% to hit)
You shoot an arrow. The arrow hits Duvessa.
Duvessa is severely wounded.
Duvessa hits you with a +0 rapier.
* * * LOW HITPOINT WARNING * * *
Duvessa hits you with a +0 rapier.
* * * LOW HITPOINT WARNING * * *
Fire: a) +0 shortbow
Press: ? - help, Q - select action, (/) - cycle Shift-Dir - straight line, f/p - Duvessa
Aim: Duvessa, wielding a +0 rapier and wearing a +0 leather armour (severely wounded, berserk, 73% to hit)
You shoot an arrow. The arrow hits Duvessa!
Duvessa is almost dead.
Duvessa hits you with a +0 rapier!
You die...

###################
##..................
#...........@e.)....
#.#.################
#.#.# #.#.# #.#.#
#.#.# #= #.#.# #.
#.#.# #. #####.#.#
♣.♣ #.# ##


You could see Duvessa (berserk).

Vanquished Creatures
  A hornet (D:7)
  A steam dragon (D:6)
  4 black bears
  An orc warrior (D:7)
  3 ice beasts
  A phantom (D:4)
  A kobold brigand (D:6)
  A necrophage (D:4)
  A bullfrog (D:6)
  2 scorpions (D:5)
  A gnoll sergeant (D:7)
  Dowan (D:7)
  A howler monkey (D:4)
  7 hounds
  3 orc priests
  A gnoll bouda (D:6)
  A jelly (D:7)
  Natasha (D:3)
  2 iguanas
  Ijyb (D:4)
  5 orc wizards
  6 adders
  16 gnolls
  A shadow imp (D:5)
  A white imp (D:6)
  2 worms
  6 dart slugs
  20 orcs
  3 bats
  4 endoplasms
  4 giant cockroaches
  4 goblins
  3 hobgoblins
  3 jackals (D:1)
  11 kobolds
  4 quokkas
  8 ball pythons
  A frilled lizard (D:1)
  6 rats
143 creatures vanquished.

Vanquished Creatures (others)
  An adder (D:6)
  A kobold (D:6)
2 creatures vanquished.

Grand Total: 145 creatures vanquished

Notes
Turn   | Place    | Note
-------+----------+-------------------------------------------
     0 | D:1      | safid the Minotaur Hunter began the quest for the Orb.
     0 | D:1      | Reached XP level 1. HP: 18/18 MP: 0/0
   175 | D:1      | Reached XP level 2. HP: 26/26 MP: 1/1
   278 | D:1      | Found Uthangonir's Jewellery Emporium.
   565 | D:1      | Found Uwneileh's Distillery.
   572 | D:1      | Bought a potion of curing for 42 gold pieces
   806 | D:1      | Reached skill level 5 in Ranged Weapons
   806 | D:1      | Reached XP level 3. HP: 31/31 MP: 2/2
  1092 | D:2      | Reached XP level 4. HP: 40/40 MP: 3/3
  1097 | D:2      | Found the +1 Delatra's gloves {ID++}
  1336 | D:2      | Found a faded altar of an unknown god.
  1657 | D:3      | Reached XP level 5. HP: 36/47 MP: 4/4
  1856 | D:3      | Reached skill level 5 in Fighting
  1856 | D:3      | Reached skill level 6 in Ranged Weapons
  2409 | D:3      | Noticed Natasha
  2414 | D:3      | Killed Natasha
  2856 | D:4      | Reached XP level 6. HP: 37/56 MP: 5/5
  3499 | D:5      | Entered Level 5 of the Dungeon
  3499 | D:5      | Noticed Ijyb
  3502 | D:5      | Noticed an ice beast
  3506 | D:4      | Killed Ijyb
  3507 | D:4      | Reached skill level 7 in Ranged Weapons
  3509 | D:4      | Reached XP level 7. HP: 58/64 MP: 6/6
  3576 | D:5      | Reached skill level 8 in Ranged Weapons
  3637 | D:4      | Reached XP level 8. HP: 61/74 MP: 7/7
  3791 | D:5      | Reached skill level 9 in Ranged Weapons
  4134 | D:6      | Reached skill level 10 in Ranged Weapons
  4301 | D:6      | Found a staircase to the Ecumenical Temple.
  4308 | Temple   | Entered the Ecumenical Temple
  4583 | Temple   | Became a worshipper of Warmaster Okawaru
  4695 | D:6      | Reached skill level 11 in Ranged Weapons
  5029 | D:7      | Reached XP level 9. HP: 75/81 MP: 8/8
  5199 | D:7      | Reached * piety under Okawaru
  5200 | D:7      | Reached skill level 12 in Ranged Weapons
  5386 | D:7      | Noticed Dowan
  5388 | D:7      | Noticed Duvessa
  5391 | D:7      | Killed Dowan
  5406 | D:7      | Slain by Duvessa

Illustrated notes

Levels and vault maps discovered:
D:1:      minmay_arrival_split_and_join, layout_basic, serial_shops,
          nicolae_shop_temple_entry_statues_fountains, shop
D:2:      layout_basic, hellmonk_ecumenical_altar_crossroads,
          pf_guarded_unrand_delatra
D:3:      layout_rooms, minmay_misc_feat_cross, dk_noncrumbling_2,
          roderic_roman_lattice, minivault_26, uniq_natasha
D:4:      layout_cave_pools, kennysheep_flooded_box
D:5:      layout_cave_pools, uniq_ijyb
D:6:      layout_cave_pools, minmay_temple_entry_mini_moons
D:7:      nzn_winding_woodlands_medium [nzn_winding_woodlands_5x5_checkerboard,
          nzn_winding_woodlands_5x15_default, nzn_winding_woodlands_hourglass,
          nzn_winding_woodlands_5x5_cross, nzn_winding_woodlands_center_garden,
          nzn_winding_woodlands_5x5_default,
          nzn_winding_woodlands_5x5_perimeter,
          nzn_winding_woodlands_5x15_crooked, nzn_winding_woodlands_5x5_three],
          layout_rooms, uniq_duvessa
Temple:   hc_temple_tempest_star

Skill      XL: |  1  2  3  4  5  6  7  8  9 |
---------------+----------------------------+-----
Fighting       | 3 4 5 6 8 |  8.0
Ranged Weapons | 5 6 7 8 11 12 | 12.6
Dodging        | |  2.1
Stealth        | |  0.7

Action                   |  1- 3 |  4- 6 |  7- 9 || total
-------------------------+-------+-------+-------++-------
 Fire: Shortbow          |    87 |   176 |   340 ||   603
  Use: Scroll            |       |       |     7 ||     7
       Potion            |       |       |     1 ||     1
Armor: Leather armour    |     6 |     1 |       ||     7
       Scale mail        |       |    48 |   116 ||   164
Dodge: Dodged            |    20 |    73 |   246 ||   339
